 Dungeon Crawl Stone Soup version 0.29-a0-468-ge57f7f99b4 (webtiles) character file.

Game seed: 11368791042631726533

7093 Zdeegee the Cleaver (level 10, -1/88 HPs)
             Began as a Minotaur Fighter on May 21, 2022.
             Was a High Priest of Okawaru.
             Slain by a basilisk (3 damage)
             ... while petrified by a basilisk
             ... on level 8 of the Dungeon.
             The game lasted 00:17:25 (9485 turns).

Zdeegee the Cleaver (Minotaur Fighter)              Turns: 9485, Time: 00:17:26

Health: -1/88      AC: 13    Str: 26    XL:     10   Next: 84%
Magic:  13/13      EV:  2    Int:  5    God:    Okawaru [*****.]
Gold:   1658       SH:  0    Dex:  9    Spells: 9/9 levels left

rFire   . . .      SeeInvis .   a - +0 war axe
rCold   . . .      Faith    .   c - +1 buckler
rNeg    + + +      Spirit   .   n - +0 scale mail
rPois   ∞          Reflect  +   (helmet restricted)
rElec   .          Harm     .   B - +0 cloak
rCorr   .          Rampage  .   F - +0 pair of gloves
Will    .....                   (no boots)
Stlth   ..........              K - amulet of reflection
HPRegen 0.24/turn               (no ring)
MPRegen 0.13/turn               (no ring)

@: petrified
A: horns 2, retaliatory headbutt, hooves 1, iridescent scales 1, large bone
plates 1, screaming 1
a: Renounce Religion, Heroism, Finesse, Duel


You were on level 8 of the Dungeon.
You worshipped Okawaru.
Okawaru was extremely pleased with you.
You visited 2 branches of the dungeon, and saw 9 of its levels.
You also visited: Sewer, Ossuary and Bailey.

You collected 1796 gold pieces.
You spent 138 gold pieces at shops.

Inventory:

Hand Weapons
 a - a +0 war axe (weapon)
 b - a +0 hand crossbow
 i - a +0 hunting sling
 z - a +0 long sword of holy wrath
 N - a +2 spear of flaming
Missiles
 h - 338 stones
 C - 5 atropa-tipped darts
 O - 9 boomerangs (quivered)
 Q - a curare-tipped dart
Armour
 c - a +1 buckler (worn)
 l - a +0 cloak
 n - a +0 scale mail (worn)
 B - a +0 cloak (worn)
 F - a +0 pair of gloves (worn)
 R - the +6 plate armour of Sloth {rC+ Int+2}
   (You found it on level 8 of the Dungeon)

   Int:       It affects your intelligence (+2).
   rC:        It protects you from cold.
Jewellery
 e - a ring of ice
 J - an amulet of guardian spirit
 K - an amulet of reflection (around neck)
 T - a ring of ice
Wands
 r - a wand of paralysis (9)
 t - a wand of iceblast (14)
 y - a wand of polymorph (7)
Scrolls
 f - 2 scrolls of torment {unknown}
 g - a scroll of enchant armour
 j - 4 scrolls of immolation
 m - 5 scrolls of teleportation
 o - 4 scrolls of fog {unknown}
 p - 2 scrolls of enchant weapon {unknown}
 u - 3 scrolls of fear
 A - 4 scrolls of poison {unknown}
 H - 5 scrolls of magic mapping
 I - a scroll of vulnerability {unknown}
Potions
 d - 4 potions of might
 k - a potion of magic
 q - a potion of lignification {unknown}
 s - a potion of resistance {unknown}
 v - 3 potions of brilliance
 w - a potion of berserk rage {unknown}
 x - 2 potions of ambrosia {unknown}
 D - 6 potions of flight
 E - 2 potions of haste {unknown}
 G - a potion of experience {unknown}
 L - a potion of heal wounds {unknown}
 M - a potion of curing
 S - a potion of mutation
Miscellaneous
 P - a tin of tremorstones (2/2)


   Skills:
 * Level 7.8 Fighting
 + Level 9.5 Axes
 * Level 4.1 Crossbows
 + Level 2.9 Throwing
 * Level 8.7 Armour
 + Level 3.0 Dodging
 + Level 1.4 Stealth
 * Level 8.9 Shields
 * Level 5.6 Invocations
 * Level 4.5 Evocations


You had 9 spell levels left.
You didn't know any spells.
Your spell library contained the following spells:

 Spells                   Type           Power      Damage    Failure   Level
 Beastly Appendage        Tmut           0%         N/A       80%         1
 Sting                    Tmut/Pois      0%         1d3       80%         1
 Poisonous Vapours        Pois/Air       0%         N/A       90%         2
 Wereblood                Tmut           0%         N/A       90%         2
 Gell's Gravitas          Tloc           0%         N/A       99%         3
 Lesser Beckoning         Tloc           0%         N/A       99%         3
 Spider Form              Tmut/Pois      0%         N/A       99%         3
 Stone Arrow              Conj/Erth      0%         3d7       99%         3
 Teleport Other           Tloc           0%         N/A       99%         3
 Olgreb's Toxic Radiance  Pois           0%         N/A       100%        4
 Conjure Ball Lightning   Conj/Air       0%         3x3d6     100%        6
 Discord                  Hex            0%         N/A       100%        8
 Disjunction              Tloc           0%         N/A       100%        8
 Lehudib's Crystal Spear  Conj/Erth      0%         10d2      100%        8
 Animate Armour           Summ/Erth      Unusable   N/A       N/A         4

Dungeon Overview and Level Annotations

Branches:
Dungeon (8/15)             Temple (1/1) D:5           Sewer (visited)
Ossuary (visited)          Bailey (visited)
   Lair: D:8-11

Altars:
Cheibriados
Dithmenos
Elyvilon
Fedhas
Gozag
Hepliaklqana
Kikubaaqudgha
Makhleb
Okawaru
Qazlal
Sif Muna
Trog
Uskayaw
Vehumet
Zin
The Shining One

Shops:
D:2 *   D:3 *


Innate Abilities, Weirdness & Mutations

You have a pair of horns on your head.
You reflexively headbutt those who attack you in melee.
You have large cloven feet.
You are partially covered in iridescent scales. (AC +2)
You are partially covered in large bone plates. (SH +4)
You occasionally shout uncontrollably at your foes.


Message History

You hit the komodo dragon but do no damage.
Your kick misses the komodo dragon. You headbutt the komodo dragon!
The komodo dragon is moderately wounded.
You closely miss the basilisk. You hit the basilisk but do no damage.
The basilisk gazes at you.
You are slowing down.
You block the basilisk's attack. The komodo dragon bites you!!
You hit the komodo dragon but do no damage.
You kick the komodo dragon, but do no damage.
You headbutt the komodo dragon!
The komodo dragon is heavily wounded.
You hit the basilisk. You closely miss the basilisk. The basilisk gazes at you.
Your limbs have turned to stone.
You block the basilisk's attack. The komodo dragon bites you.
You block the basilisk's attack. The basilisk gazes at you.
Your limbs have turned to stone.
The komodo dragon hisses menacingly.
The komodo dragon barely misses you.
You have turned to stone.
The basilisk bites you!
The basilisk bites you but does no damage.
The komodo dragon bites you!
The basilisk bites you but does no damage.
The basilisk bites you. The komodo dragon bites you!
The basilisk bites you. x2; The komodo dragon bites you.
The basilisk gazes at you. x2
The komodo dragon bites you!!
* * * LOW HITPOINT WARNING * * *
The basilisk bites you!
* * * LOW HITPOINT WARNING * * *
The basilisk bites you.
* * * LOW HITPOINT WARNING * * *
The komodo dragon completely misses you.
The basilisk bites you.
* * * LOW HITPOINT WARNING * * *
The basilisk bites you but does no damage.
The komodo dragon bites you!!
* * * LOW HITPOINT WARNING * * *
The basilisk bites you.
You die...

# #.##.# #.# #.......... #
#.##.# #.# #####.....# ######
### ####### ## ## #..##. ###
..#...# ##.. .......##.######
#### ......l...##.#.# #.##
#..l@.......## ####..
....##l#........###....# #
##.#.###.........##
###..#.##.#.###.#
#############################
#.##.......#.# #.#.#
####..........#.# #.#.#
.....##.......#.# #.#.#
###.###..>....#.##########.#.#


You could see a komodo dragon and 2 basilisks.

Vanquished Creatures
  A two-headed ogre (D:6)
  10 yaks
  A basilisk (D:8)
  3 water moccasins
  2 ice beasts
  12 orc warriors
  A black bear (D:7)
  4 sky beasts
  An ogre (D:7)
  2 centaurs
  A phantom (D:4)
  An elf zombie (Ossuary)
  4 kobold brigands
  2 bullfrogs
  A gnoll sergeant (D:7)
  2 scorpions
  Blork the orc (D:4)
  A necrophage (D:4)
  10 wights
  5 killer bees (D:8)
  2 howler monkeys
  A centaur zombie (Ossuary)
  6 jellies
  2 hounds
  An orc priest (D:7)
  Crazy Yiuf (D:4)
  2 gnoll shamans
  3 iguanas
  3 orc wizards (D:7)
  3 mummies
  Robin (D:4)
  12 gnolls
  8 adders
  A shadow imp (D:6)
  2 white imps
  An ufetubus (D:6)
  2 adder zombies (Ossuary)
  6 worms
  9 orcs
  14 ball pythons
  4 bats
  11 endoplasms
  7 giant cockroaches
  16 goblins
  8 hobgoblins
  A quokka (D:3)
  7 frilled lizards (Sewer)
  A goblin zombie (Ossuary)
  9 hobgoblin zombies (Ossuary)
  30 kobolds
  9 kobold zombies (Ossuary)
  9 orc zombies (Ossuary)
  8 rats
  4 rat zombies (Ossuary)
269 creatures vanquished.

Notes
Turn   | Place    | Note
-------+----------+-------------------------------------------
     0 | D:1      | Zdeegee the Minotaur Fighter began the quest for the Orb.
     0 | D:1      | Reached XP level 1. HP: 19/19 MP: 0/0
   340 | D:1      | Found a faded altar of an unknown god.
   427 | D:1      | Reached XP level 2. HP: 27/27 MP: 1/1
  1066 | D:2      | Reached XP level 3. HP: 23/33 MP: 2/2
  1415 | D:2      | Found Ysuigad's General Store.
  1463 | D:2      | Bought a scroll of identify for 22 gold pieces
  1626 | D:2      | Gained mutation: You occasionally shout uncontrollably at
                  | your foes. [potion of mutation]
  1626 | D:2      | Gained mutation: You are partially covered in iridescent
                  | scales. (AC +2) [potion of mutation]
  1626 | D:2      | Gained mutation: You are frail. (-10% HP) [potion of
                  | mutation]
  1626 | D:2      | Gained mutation: Your muscles are strong. (Str +2) [potion
                  | of mutation]
  1627 | D:2      | Lost mutation: Your muscles are strong. (Str +2) [potion of
                  | mutation]
  1627 | D:2      | Lost mutation: You are frail. (-10% HP) [potion of
                  | mutation]
  1627 | D:2      | Gained mutation: You have large cloven feet. [potion of
                  | mutation]
  1627 | D:2      | Gained mutation: You are partially covered in large bone
                  | plates. (SH +4) [potion of mutation]
  1672 | D:3      | Found Duwiofats's Assorted Antiques.
  1675 | D:3      | Bought a scroll labelled TER NIPTYVIU for 18 gold pieces
  1675 | D:3      | Bought a smoky purple potion for 16 gold pieces
  1675 | D:3      | Bought 2 ruby potions for 32 gold pieces
  1675 | D:3      | Bought a scroll labelled JAHEICL HISUI for 18 gold pieces
  1675 | D:3      | Bought a cyan potion for 16 gold pieces
  1804 | D:3      | Reached skill level 1 in Invocations
  1870 | D:3      | Bought a bubbling sapphire potion for 16 gold pieces
  1941 | D:3      | Noticed a scorpion
  1947 | D:3      | Killed a scorpion
  1948 | D:3      | Reached skill level 3 in Axes
  1948 | D:3      | Reached XP level 4. HP: 28/41 MP: 2/4
  2070 | D:3      | Reached skill level 5 in Armour
  2417 | D:4      | Found a sand-covered staircase.
  2432 | Ossuary  | Entered an ossuary
  2470 | Ossuary  | Reached XP level 5. HP: 47/47 MP: 5/5
  2499 | Ossuary  | Reached skill level 4 in Axes
  2499 | Ossuary  | Reached skill level 1 in Evocations
  2499 | Ossuary  | Reached XP level 6. HP: 49/53 MP: 6/6
  2657 | D:4      | Found a runed translucent door.
  2658 | D:4      | Noticed Crazy Yiuf
  2747 | D:4      | Found a blossoming altar of Fedhas.
  2780 | D:4      | Noticed Blork the orc
  2788 | D:4      | Killed Blork the orc
  2922 | D:4      | Noticed a water moccasin
  2925 | D:4      | Noticed Robin
  2932 | D:4      | Killed a water moccasin
  2933 | D:4      | Reached skill level 5 in Fighting
  2933 | D:4      | Reached skill level 5 in Axes
  2933 | D:4      | Reached XP level 7. HP: 32/61 MP: 7/7
  2949 | D:4      | Killed Robin
  3425 | D:4      | Killed Crazy Yiuf
  3642 | D:5      | Entered Level 5 of the Dungeon
  3679 | D:5      | Found a glowing drain.
  3710 | Sewer    | Entered a sewer
  4020 | Sewer    | Found a viscous altar of Jiyva.
  4069 | Sewer    | Reached skill level 5 in Shields
  4163 | D:5      | Reached skill level 6 in Axes
  4163 | D:5      | Reached skill level 1 in Dodging
  4347 | D:5      | Found a staircase to the Ecumenical Temple.
  4361 | Temple   | Entered the Ecumenical Temple
  4459 | Temple   | Became a worshipper of Warmaster Okawaru
  4712 | D:5      | Reached XP level 8. HP: 67/69 MP: 9/9
  5080 | D:6      | Found a shimmering blue altar of Sif Muna.
  5256 | D:6      | Reached * piety under Okawaru
  5271 | D:6      | Reached skill level 7 in Axes
  5672 | D:6      | Reached skill level 1 in Stealth
  5693 | D:6      | Reached XP level 9. HP: 63/75 MP: 8/10
  5822 | D:6      | Reached ** piety under Okawaru
  6170 | D:6      | Noticed a two-headed ogre
  6179 | D:6      | Killed a two-headed ogre
  6180 | D:6      | Reached skill level 8 in Axes
  6180 | D:6      | Reached skill level 1 in Crossbows
  6745 | D:7      | Reached *** piety under Okawaru
  7129 | D:7      | Found a flagged portal.
  7138 | Bailey   | Entered a bailey
  7320 | Bailey   | Reached XP level 10. HP: 86/86 MP: 9/12
  7374 | Bailey   | Reached skill level 5 in Invocations
  7784 | D:7      | Reached **** piety under Okawaru
  7792 | D:7      | Reached skill level 9 in Axes
  8574 | D:8      | Found a glowing golden altar of the Shining One.
  8685 | D:8      | Reached skill level 1 in Throwing
  9063 | D:8      | Identified the +6 plate armour of Sloth {rC+ Int+2}
  9226 | D:8      | Reached ***** piety under Okawaru
  9326 | D:8      | Found an opulent altar of Gozag.
  9484 | D:8      | HP: 2/88 [komodo dragon (10)]
  9485 | D:8      | Slain by a basilisk

Illustrated notes

Levels and vault maps discovered:
D:1:      saegor_arrival_simple_e, layout_basic, basic_ecumenical_altar,
          ebering_dispersal_statue_hall
D:2:      layout_loops_ring, serial_shops, shop_statue
D:3:      layout_basic, serial_shops, shop
D:4:      layout_loops_ring, fedhas_altar_4, gup_ossuary_entry_pyramid,
          uniq_crazy_yiuf_cottage, uniq_robin, uniq_blork_the_orc
D:5:      layout_rooms, minmay_temple_entry_arrows, cheibrodos_sewer_entry_drain
D:6:      minmay_razor_zed, layout_loops_corners,
          nicolae_overflow_hidden_temple, minmay_liquid_box
D:7:      layout_basic, enter_bailey_6, st_stairs_14
D:8:      layout_loops_ring, mainiacjoe_overflow_catwalk,
          mainiacjoe_overflow_big_doors, erik_lair_dragon,
          kennysheep_generic_room_2
Temple:   regret_index_temple_sphere_string

Skill      XL: |  1  2  3  4  5  6  7  8  9 10 |
---------------+-------------------------------+-----
Armour         | 4 5 6 8 |  8.7
Fighting       | 4 5 6 7 |  7.8
Invocations    | 1 2 3 4 5 |  5.6
Axes           | 3 4 5 6 7 8 9 |  9.5
Shields        | 4 5 6 7 8 |  8.9
Evocations     | 1 2 3 4 |  4.5
Dodging        | 1 2 3 |  3.0
Stealth        | 1 |  1.4
Crossbows      | 2 4 |  4.1
Throwing       | 2 |  2.9

Action                   |  1- 3 |  4- 6 |  7- 9 | 10-12 || total
-------------------------+-------+-------+-------+-------++-------
Melee: War axe           |    84 |    78 |   331 |   190 ||   683
       Headbutt          |    10 |    20 |    54 |    35 ||   119
       Kick              |     2 |    20 |    90 |    53 ||   165
Throw: Boomerang         |       |       |     9 |   101 ||   110
Invok: Heroism           |       |       |     3 |     1 ||     4
Evoke: Wand              |       |     1 |       |       ||     1
  Use: Scroll            |     4 |     1 |     4 |     1 ||    10
       Potion            |     2 |     1 |     3 |     1 ||     7
 Stab: Paralysed         |       |     3 |       |       ||     3
Armor: Scale mail        |    47 |    39 |   111 |    60 ||   257
Dodge: Dodged            |    31 |    25 |   115 |    44 ||   215
Block: Buckler           |    22 |    32 |   214 |   138 ||   406
       Reflection        |       |       |    19 |     6 ||    25

Table legend: (Time is in decaauts)
 A = Elapsed time spent in this place.
 B = Non-inter-level travel time spent in this place.
 C = Inter-level travel time spent in this place.
 D = Time resting spent in this place.
 E = Time spent auto-exploring this place.
 F = Levels seen in this place.
 G = Mean time per level.
                   A        B        C        D        E       F      G
               +--------+--------+--------+--------+--------+-----+--------+
         Total |   9688 |   9409 |    279 |   1135 |   6089 |  12 |  807.3 |
       Dungeon |   8315 |   8049 |    266 |    979 |   5502 |   8 | 1039.4 |
        Temple |    111 |     98 |     13 |      0 |     83 |   1 |  111.0 |
         Sewer |    473 |    473 |      0 |      0 |    302 |   1 |  473.0 |
       Ossuary |    215 |    215 |      0 |      0 |    119 |   1 |  215.0 |
        Bailey |    572 |    572 |      0 |    156 |     82 |   1 |  572.0 |
               +--------+--------+--------+--------+--------+-----+--------+

Top non-repeatable levels by time:
     D:6: 1973 daAuts
     D:4: 1061 daAuts
     D:8: 1012 daAuts
     D:7: 966 daAuts
     D:1: 905 daAuts
     D:5: 863 daAuts
     D:2: 793 daAuts
     D:3: 739 daAuts
  Bailey: 572 daAuts
   Sewer: 473 daAuts
 Ossuary: 215 daAuts
  Temple: 111 daAuts
